AoeStats
← Křovák

Glade

503403739Analyzed
1v1 RM · 1mo ago on Aug 31, 2026· 42m 49s· 2 players
Game mode
Random Map
Map size
Tiny (2 player)
Population
200
Speed
Normal
Resources
Standard
Victory
Conquest
Starting age
Dark Age
Ending age
Imperial Age
RankedLock teamsTeams togetherTeam positionsShared explorationLock speedFull tech treeHidden civsTurbo modeCheats
Victory
Defeat
🇧🇷 Vietnamese · Brazil
891
+17
🇨🇿 Byzantines · Czechia
904
-17
joaquimkakashi
10:49 Feudal Age
9:05 Loom
11:31 Double-Bit Axe
11:29 Horse Collar
18:27 Castle Age
17:28 Gold Mining
17:31 Stone Mining
18:39 Fletching
18:50 Padded Archer Armor
19:39 Bodkin Arrow
22:58 Bow Saw
22:50 Heavy Plow
26:34 Wheelbarrow
27:33 Hand Cart
31:08 Imperial Age
28:26 Town Watch
29:57 Ballistics
31:08 Leather Archer Armor
31:17 Elite Rattan Archer
32:05 Bracer
32:50 Town Patrol
34:20 Chemistry
36:19 Ring Archer Armor
Křovák
7:31 Loom
11:56 Feudal Age
12:26 Double-Bit Axe
16:59 Castle Age
20:30 Horse Collar
23:55 Fletching
24:27 Heavy Plow
24:41 Bow Saw
26:46 Bodkin Arrow
31:21 Imperial Age
30:12 Elite Skirmisher
34:10 Bracer
34:11 Padded Archer Armor
34:08 Murder Holes
35:35 Ballistics
38:30 Chemistry
38:36 Gold Mining
38:36 Stone Mining
Connection lost

Rejoining the realm…

Still unreachable

The connection could not be restored.

Session expired

The server has moved on; the page needs a fresh start.